 Dungeon Crawl Stone Soup version 0.23.0 (webtiles) character file.

Game seed: 2291019084899408896

2954 PentaManta the Nimble (level 10, -3/96 HPs)
             Began as a Kobold Berserker on Feb 17, 2019.
             Was an Elder of Trog.
             Slain by a troll (12 damage)
             ... on level 7 of the Dungeon.
             The game lasted 00:32:15 (5705 turns).

PentaManta the Nimble (Kobold Berserker)            Turns: 5705, Time: 00:32:15

Health: -3/96      AC:  4    Str: 20    XL:     10   Next: 8%
Magic:  10/10      EV: 24    Int: 10    God:    Trog [****..]
Gold:   375        SH:  0    Dex: 18    Spells: 9/9 levels left

rFire    . . .     SeeInvis .   E - +0 rapier
rCold    + . .     Gourm    .   (shield restricted)
rNeg     . . .     Faith    .   q - +2 robe "Wavynt" {-Tele +Inv Regen+ Int+4}
rPois    .         Spirit   .   (no helmet)
rElec    .         Reflect  .   (no cloak)
rCorr    .         Harm     .   (no gloves)
MR       .....     NoTele   +   (no boots)
Stlth    ..........             y - amulet of the acrobat
HPRegen  0.66/turn              u - ring of protection from cold
MPRegen  0.12/turn              (no ring)

@: berserking (expiring), very quick
A: small, carnivore, dopey 1
a: Berserk, Trog's Hand, Brothers in Arms, Renounce Religion, Evoke Invisibility


You were on level 7 of the Dungeon.
You worshipped Trog.
Trog was greatly pleased with you.
You were not hungry.

You visited 2 branches of the dungeon, and saw 8 of its levels.

You collected 375 gold pieces.

Inventory:

Hand Weapons
 E - a +0 rapier (weapon)
 F - a cursed +3 scimitar of freezing
Missiles
 B - 3 tomahawks (quivered)
Armour
 a - a +0 buckler
 q - the +2 robe "Wavynt" (worn) {-Tele +Inv Regen+ Int+4}
   (You found it on level 4 of the Dungeon)

   It affects your intelligence (+4).
   It lets you turn invisible.
   It prevents most forms of teleportation.
   It increases your rate of regeneration.
 r - a +2 buckler
 t - the +2 leather armour of Uskayaw's Esteem {rCorr Dex+4}
   (You found it on level 4 of the Dungeon)

   It affects your dexterity (+4).
   It provides partial protection from all sources of acid and corrosion.
Jewellery
 u - a ring of protection from cold (left hand)
 y - an amulet of the acrobat (around neck)
Wands
 D - a wand of iceblast (11)
Scrolls
 e - 8 scrolls of remove curse
 g - 2 scrolls of teleportation
 p - 4 scrolls of identify
 s - 2 scrolls of fog {unknown}
 v - a scroll of enchant armour {unknown}
 A - a scroll of enchant weapon {unknown}
 C - a scroll of blinking
Potions
 b - 2 potions of flight {unknown}
 d - a potion of heal wounds
 f - a potion of brilliance
 h - 2 potions of haste {unknown}
 i - 2 potions of curing
 j - 4 potions of lignification {unknown}
 k - a potion of resistance {unknown}
 l - a potion of magic {unknown}
 m - a potion of agility
 n - a potion of cancellation {unknown}
 o - a potion of mutation {unknown}
 x - a potion of ambrosia {unknown}
 z - 2 potions of might {unknown}
Comestibles
 c - 11 rations


   Skills:
 * Level 8.0 Fighting
 * Level 9.6 Short Blades
 - Level 1.5 Armour
 - Level 11.1 Dodging
 + Level 1.1 Stealth


You had 9 spell levels left.
You didn't know any spells.
Your spell library contained the following spells:

 Spells                   Type           Power        Failure   Level  Hunger
 Magic Dart               Conj           #...         36%         1    ##.....
 Searing Ray              Conj           #.....       50%         2    ###....
 Dazzling Spray           Conj/Hex       #.....       75%         3    ####...
 Force Lance              Conj/Tloc      #.......     98%         4    #####..
 Fulminant Prism          Conj/Hex       #.........   98%         4    #####..
 Iskenderun's Mystic Bla  Conj           #.......     98%         4    #####..


Dungeon Overview and Level Annotations

Branches:
Dungeon (7/15)             Temple (1/1) D:4

Altars:
Ashenzari
Cheibriados
Dithmenos
Elyvilon
Fedhas
Gozag
Hepliaklqana
Kikubaaqudgha
Makhleb
Nemelex Xobeh
Okawaru
Qazlal
Ru
Sif Muna
Trog
Vehumet
Wu Jian
Yredelemnul
Zin
The Shining One

Shops:
D:6 %


Innate Abilities, Weirdness & Mutations

You are small and have problems with some larger weapons.
You are carnivorous and can eat meat at any time.
You are dopey. (Int -2)


Message History

You hit the orc.
The orc is almost dead.
The phantom misses you. The orc completely misses you.
You puncture the orc!
You kill the orc!
Trog accepts your kill. The troll misses you. x3
The orc priest invokes the aid of Beogh against you.
Beogh smites you!
* * * LOW HITPOINT WARNING * * *
You puncture the troll!
The troll is almost dead.
The phantom barely misses you. The orc misses you.
The orc completely misses you. The ogre completely misses you.
You hit the troll.
The troll is almost dead.
The troll bites you!
* * * LOW HITPOINT WARNING * * *
The troll claws you!
You die...

..........#..(..........##..#
....###...<......##...### #.#
.....###.........#....#####.#####
........#..#............F..o.c...
.....#..#..#.....#####'#########F
...###.....##....# .... ... #.<#
###...#%.##.#....#. #.#. ....
#.....###W#..#... ..... #....
#.....#.#@#..... ##.... .....
#....#o.OTo.#. .#... .....
.......oo#..... ## ... ...
#.#...ยง...#..#... ..##...o..#
...#. .........# ....
.........<.# ##'# ....##.....# ##
....###....# #.


You could see a troll, a phantom, an orc warrior, an ogre, 2 orc priests and 2
orcs.

Vanquished Creatures
  Harold (D:7)
  Sigmund (D:2)
  A basilisk (D:7)
  Edmund (D:6)
  A water moccasin (D:7)
  An orc warrior (D:7)
  An ice beast (D:7)
  A phantom (D:6)
  An ogre (D:6)
  2 centaurs (D:7)
  2 bullfrogs
  A wyvern zombie (D:7)
  A gnoll sergeant (D:7)
  A scorpion (D:4)
  3 wights (D:7)
  A killer bee (D:7)
  A howler monkey (D:6)
  2 crimson imps
  A bullfrog skeleton (D:4)
  A centaur skeleton (D:6)
  A centaur zombie (D:6)
  An orc priest (D:7)
  4 orc wizards
  6 worker ants
  8 gnolls
  9 adders
  A shadow imp (D:5)
  2 oozes
  A dart slug (D:2)
  4 leopard geckos
  16 orcs
  A ball python (D:1)
  5 giant cockroaches
  7 goblins
  5 hobgoblins
  4 jackals (D:3)
  3 quokkas
  12 bats
  12 frilled lizards
  A jackal skeleton (D:4)
  7 kobolds
  A quokka zombie (D:6)
  7 rats
143 creatures vanquished.

Notes
Turn   | Place    | Note
-------+----------+-------------------------------------------
     0 | D:1      | PentaManta the Kobold Berserker began the quest for the
                  | Orb.
     0 | D:1      | Reached XP level 1. HP: 14/14 MP: 1/1
    50 | D:1      | Reached XP level 2. HP: 14/19 MP: 2/2
    51 | D:1      | Reached skill level 3 in Dodging
   205 | D:1      | Reached XP level 3. HP: 9/23 MP: 3/3
   761 | D:2      | Noticed Sigmund
   770 | D:3      | Reached ** piety under Trog
   873 | D:3      | Reached XP level 4. HP: 13/29 MP: 4/4
  1057 | D:2      | Killed Sigmund
  1057 | D:2      | Reached skill level 5 in Short Blades
  1057 | D:2      | Reached skill level 5 in Dodging
  1057 | D:2      | Reached XP level 5. HP: 32/34 MP: 5/5
  1057 | D:2      | Reached XP level 6. HP: 36/39 MP: 6/6
  1443 | D:2      | Found a deep blue altar of Sif Muna.
  1767 | D:3      | Found a blossoming altar of Fedhas.
  2021 | D:3      | Found a sacrificial altar of Ru.
  2410 | D:3      | Found a burning altar of Makhleb.
  2410 | D:3      | Noticed a cacodemon
  2413 | D:3      | Noticed a ynoxinul
  2413 | D:3      | Noticed a smoke demon
  2521 | D:4      | Found a staircase to the Ecumenical Temple.
  2531 | Temple   | Entered the Ecumenical Temple
  2777 | D:4      | Got a twisted robe
  2795 | D:4      | Reached skill level 6 in Dodging
  2934 | D:4      | Got an ancient leather armour
  2949 | D:4      | Identified the +2 robe "Wavynt" {-Tele +Inv Regen+ Int+4}
                  | (You found it on level 4 of the Dungeon)
  2979 | D:4      | Identified the +2 leather armour of Uskayaw's Esteem {rCorr
                  | Dex+4} (You found it on level 4 of the Dungeon)
  3041 | D:4      | Reached XP level 7. HP: 44/44 MP: 7/7
  3127 | D:4      | Reached skill level 5 in Fighting
  3352 | D:4      | Found a white marble altar of Elyvilon.
  3453 | D:5      | Entered Level 5 of the Dungeon
  3569 | D:5      | Found a sparkling altar of Nemelex Xobeh.
  3617 | D:5      | Reached *** piety under Trog
  4206 | D:6      | Reached skill level 7 in Dodging
  4292 | D:6      | Found a sparkling altar of Nemelex Xobeh.
  4300 | D:6      | Found an ancient bone altar of Kikubaaqudgha.
  4384 | D:6      | Found Dykomaha's Food Emporium.
  4431 | D:6      | Reached XP level 8. HP: 47/50 MP: 8/8
  4559 | D:6      | Reached skill level 8 in Dodging
  4587 | D:6      | Found a shattered altar of Ashenzari.
  4803 | D:6      | Found an iron altar of Okawaru.
  4897 | D:6      | Noticed Edmund
  4910 | D:6      | Killed Edmund
  5122 | D:7      | Found a burning altar of Makhleb.
  5122 | D:7      | Found a snail-covered altar of Cheibriados.
  5194 | D:7      | Reached skill level 9 in Dodging
  5217 | D:7      | Reached XP level 9. HP: 56/56 MP: 9/9
  5444 | D:7      | Noticed Harold
  5444 | D:7      | Noticed a troll
  5475 | D:7      | Killed Harold
  5475 | D:7      | Reached skill level 10 in Dodging
  5518 | D:7      | Reached skill level 11 in Dodging
  5528 | D:7      | Gained mutation: You are dopey. (Int -2) [mutagenic glow]
  5543 | D:7      | HP: 1/58 [bullfrog (7)]
  5661 | D:7      | Reached XP level 10. HP: 56/64 MP: 10/10
  5678 | D:7      | Reached **** piety under Trog
  5687 | D:7      | Reached skill level 1 in Stealth
  5705 | D:7      | Slain by a troll

Skill      XL: |  1  2  3  4  5  6  7  8  9 10 |
---------------+-------------------------------+-----
Dodging        | 3 5 6 7 9 11 | 11.1
Fighting       | 4 5 6 7 8 |  8.0
Short Blades   | 5 6 7 9 |  9.6
Stealth        | 1 |  1.1
Armour         | |  1.5

Action                   |  1- 3 |  4- 6 |  7- 9 | 10-12 || total
-------------------------+-------+-------+-------+-------++-------
Melee: Short sword       |   110 |   172 |   353 |       ||   635
       Rapier            |       |       |    61 |    31 ||    92
Invok: Trog's Hand       |     1 |       |     3 |       ||     4
       Berserk           |       |     4 |    14 |     1 ||    19
 Abil: Evoke Invisibilit |       |       |     4 |       ||     4
  Use: Potion            |     1 |       |       |       ||     1
       Scroll            |       |     8 |       |       ||     8
 Stab: Sleeping          |     2 |     1 |     1 |       ||     4
       Invisible         |       |       |     7 |       ||     7
  Eat: Chunk             |     4 |    11 |    24 |       ||    39
Armor: Animal skin       |    30 |    17 |       |       ||    47
       Leather armour    |       |     2 |     2 |       ||     4
       Robe              |       |       |    29 |     2 ||    31
Dodge: Dodged            |   112 |   159 |   385 |    40 ||   696
